 Dungeon Crawl Stone Soup version 0.16.0-17-g811c1d7 (webtiles) character file.

688 Fluffy the Chiller (level 7, -3/46 HPs)
             Began as a Demonspawn Ice Elementalist on Mar 21, 2015.
             Slain by an iguana (12 damage)
             ... on level 4 of the Dungeon.
             The game lasted 00:13:34 (4730 turns).

Fluffy the Chiller (Demonspawn Ice Elementalist)    Turns: 4730, Time: 00:13:34

Health: -3/46      AC:  5    Str:  8    XL:     7   Next: 36%
Magic:  12/12      EV: 12    Int: 18    God:
Gold:   111        SH:  0    Dex: 14    Spells: 2 memorised, 6 levels left

rFire  . . .     SeeInvis .     t - +0 falchion
rCold  . . .     Clarity  .     a - +0 robe
rNeg   . . .     SustAb   .     (no shield)
rPois  .         Gourm    .     (no helmet)
rElec  .         Spirit   .     (no cloak)
rCorr  .         Warding  .     f - +0 pair of gloves
rMut   .         Stasis   .     (no boots)
MR     .....                    (no amulet)
Stlth  +++.......               (no ring)
                                (no ring)

@: not resistant to hostile enchantments, fairly stealthy
A: yellow scales 1, nightstalker 1, powered by pain 1
a: no special abilities


You were on level 4 of the Dungeon.
You were not hungry.

You visited 1 branch of the dungeon, and saw 4 of its levels.

You collected 111 gold pieces.

Inventory:

Hand weapons
 t - a +0 falchion (weapon)
Armour
 a - a +0 robe (worn)
 f - a +0 pair of gloves (worn)
Magical devices
 l - a wand of digging (15)
 u - a wand of polymorph (16)
 A - a wand of fire (3)
Scrolls
 g - a scroll of teleportation {unknown}
 i - a scroll of amnesia {unknown}
 j - 3 scrolls of identify {unknown}
 n - 2 scrolls of fear {unknown}
 q - a scroll of recharging {unknown}
 r - 2 scrolls of remove curse {unknown}
 v - a scroll of enchant armour {unknown}
 x - a scroll of blinking {unknown}
 y - a scroll of noise {unknown}
Potions
 e - 3 potions of curing {unknown}
 h - 3 potions of might {unknown}
 k - a potion of lignification {unknown}
 o - 2 potions of ambrosia {unknown}
 p - a potion of heal wounds {unknown}
 z - a potion of magic {unknown}
Books
 b - a book of Frost

   Spells                             Type                      Level
   a - Freeze                         Ice                          1
   b - Throw Frost                    Conjuration/Ice              2
   c - Ozocubu's Armour               Charms/Ice                   3
   d - Throw Icicle                   Conjuration/Ice              4
   e - Summon Ice Beast               Ice/Summoning                4
   f - Condensation Shield            Ice                          4
Comestibles
 c - 7 bread rations
 d - 3 meat rations
 m - 7 fruits
 s - a slice of pizza
 w - 2 beef jerkies


   Skills:
 + Level 3.5 Long Blades
 - Level 1.7 Dodging
 - Level 1.7 Stealth
 - Level 2.0 Spellcasting
   Level 1.0 Conjurations
 + Level 2.7 Charms
 - Level 6.1 Ice Magic


You had 6 spell levels left.
You knew the following spells:

 Your Spells              Type           Power        Failure   Level  Hunger
a - Freeze                Ice            ###.         1%          1    #......
b - Ozocubu's Armour      Chrm/Ice       ###.....     12%         3    ###....


Dungeon Overview and Level Annotations

Branches:
Dungeon (4/15)
 Temple: D:4-7

Altars:
Xom

Annotations:
D:4 Edmund


Innate Abilities, Weirdness & Mutations

You are partially covered in yellow scales (AC +2).
You are slightly more attuned to the shadows.
You sometimes gain a little power by taking damage.


Message History

The iguana is almost dead.
The iguana bites you!
You barely miss the iguana.
The iguana is almost dead.
The iguana barely misses you. The iguana closely misses you.
You barely miss the iguana.
The iguana is almost dead.
The iguana misses you.
You hit the iguana.
The iguana is almost dead.
The iguana bites you!
* * * LOW HITPOINT WARNING * * *
You barely miss the iguana.
The iguana is almost dead.
The iguana bites you.
* * * LOW HITPOINT WARNING * * *
You hit the iguana but do no damage.
The iguana is almost dead.
The iguana bites you!
You die...

############ .########..........#
#......l@....######.#
#.########.#.# #.# #.# #.#.#
###.##### ###### #.# #.#.#
#........ .....# #.#
##.#.####........
.....####.#######......).........
...........).....................
.....####.#######..#.#....#.#####
.....# #.......##..#.#...........


You could see an iguana.

Vanquished Creatures
  Grinder (D:4)
  An ogre (D:4)
  A centaur (D:3)
  Sigmund (D:2)
  A giant frog skeleton (D:3)
  Natasha (D:4)
  Jessica (D:3)
  Terence (D:2)
  2 gnolls (D:1)
  4 adders
  A giant mite (D:1)
  2 worms
  2 giant geckos (D:1)
  5 orcs
  13 bats
  8 giant cockroaches
  9 hobgoblins
  14 jackals
  8 kobolds
  6 quokkas
  A ball python (D:4)
  4 giant newts
  7 goblins
  A quokka skeleton (D:4)
  13 rats
108 creatures vanquished.

Notes
Turn   | Place    | Note
--------------------------------------------------------------
     0 | D:1      | Fluffy, the Demonspawn Ice Elementalist, began the quest for the Orb.
     0 | D:1      | Reached XP level 1. HP: 13/13 MP: 3/3
   218 | D:1      | Reached skill level 3 in Ice Magic
   218 | D:1      | Gained mutation: You are slightly more attuned to the shadows. [demonic ancestry]
   218 | D:1      | Reached XP level 2. HP: 19/19 MP: 0/4
   792 | D:1      | Gained mutation: You sometimes gain a little power by taking damage. [demonic ancestry]
   792 | D:1      | Reached XP level 3. HP: 18/24 MP: 1/6
   889 | D:1      | Reached skill level 4 in Ice Magic
  1243 | D:2      | Noticed Terence
  1253 | D:2      | Killed Terence
  1308 | D:2      | Found a shimmering altar of Xom.
  1360 | D:2      | Reached XP level 4. HP: 28/30 MP: 2/7
  1472 | D:2      | Noticed Sigmund
  1481 | D:2      | Killed Sigmund
  1481 | D:2      | Reached skill level 5 in Ice Magic
  1481 | D:2      | Gained mutation: You are partially covered in yellow scales (AC +2). [demonic ancestry]
  1481 | D:2      | Reached XP level 5. HP: 9/35 MP: 0/9
  2219 | D:3      | Noticed a centaur
  2316 | D:3      | Killed a centaur
  2316 | D:3      | Reached skill level 6 in Ice Magic
  2658 | D:3      | Learned a level 3 spell: Ozocubu's Armour
  2677 | D:3      | Reached XP level 6. HP: 41/41 MP: 10/10
  2890 | D:3      | Reached skill level 1 in Charms
  2906 | D:3      | Noticed Jessica
  2916 | D:3      | Killed Jessica
  2916 | D:3      | Reached skill level 1 in Long Blades
  3835 | D:4      | Noticed Edmund
  4105 | D:4      | Noticed Grinder
  4114 | D:4      | Paralysed by Grinder for 5 turns
  4139 | D:4      | Killed Grinder
  4139 | D:4      | Reached XP level 7. HP: 34/46 MP: 3/12
  4251 | D:4      | Noticed Natasha
  4342 | D:4      | Killed Natasha
  4730 | D:4      | Slain by an iguana

Action                   |  1- 3 |  4- 6 |  7- 9 || total
-------------------------+-------+-------+-------++-------
Melee: Dagger            |    32 |       |       ||    32
       Short sword       |    24 |    49 |       ||    73
       Falchion          |       |   152 |    46 ||   198
 Cast: Freeze            |    34 |    38 |       ||    72
       Ozocubu's Armour  |       |     3 |     1 ||     4
 Stab: Sleeping          |     1 |     6 |     1 ||     8
  Eat: Chunk             |     2 |    10 |     2 ||    14
